 Dungeon Crawl Stone Soup version 0.30-a0-1075-gcd70e7a56d (webtiles) character file.

Game seed: 354319829876649807

16374 xian the Covert (level 12, -2/57 HPs)
             Began as a Vine Stalker Enchanter on Apr 15, 2023.
             Was a High Priest of Okawaru.
             Slain by a harpy simulacrum (18 damage)
             ... in an ice cave.
             The game lasted 00:48:44 (9917 turns).

xian the Covert (Vine Stalker Enchanter)            Turns: 9917, Time: 00:48:46

Health: -2/57      AC: 23    Str: 16    XL:     12   Next: 36%
Magic:  0/23       EV: 13    Int: 15    God:    Okawaru [*****.]
Gold:   290        SH:  5    Dex: 21    Spells: 14/24 levels left

rFire   + + .      SeeInvis .    O - +5 short sword
rCold   x . .      Faith    .    d - +0 buckler
rNeg    . . .      Spirit   +    U - +0 swamp dragon scales
rPois   +          Reflect  .    B - +2 helmet
rElec   .          Rampage  .    V - +2 cloak {rF+}
rCorr   .                        m - +3 pair of gauntlets of War {Slay+5}
Will    +....                    E - +2 pair of boots {Fly}
Stlth   ++++                     G - amulet of regeneration
HPRegen 1.89/turn                F - +6 ring of dexterity
MPRegen 0.18/turn                b - ring of fire

@: flying
A: fangs 3, regeneration 1, magic shield, antimagic bite, no potion heal 2
a: Renounce Religion, Heroism, Finesse, Duel


You were in an ice cave.
You worshipped Okawaru.
Okawaru was extremely pleased with you.
You visited 3 branches of the dungeon, and saw 12 of its levels.
You also visited: Ice Cave and Volcano.

You collected 844 gold pieces.
You spent 554 gold pieces at shops.

Inventory:

Hand Weapons
 y - the +3 giant club "Skullcrusher" {speed, Str+7}
   (You found it on level 5 of the Dungeon)

   Str:       It affects your strength (+7).
 C - a +0 dagger of venom
 M - a +2 shortbow of flaming
 O - a +5 short sword (weapon)
Missiles
 g - 31 stones
 h - 21 poisoned darts
 j - 25 javelins (quivered)
 k - 5 atropa-tipped darts
 r - 8 boomerangs
 t - 6 curare-tipped darts
 A - 2 throwing nets
 R - 2 datura-tipped darts
Armour
 d - a +0 buckler (worn)
 m - the +3 pair of gauntlets of War (worn) {Slay+5}
   (You acquired it on level 3 of the Dungeon)

   Slay:      It affects your accuracy & damage with ranged weapons and melee
   (+5).
 B - a +2 helmet (worn)
 E - a +2 pair of boots of flying (worn)
 T - a +2 scale mail of cold resistance
 U - +0 swamp dragon scales (worn)
 V - a +2 cloak of fire resistance (worn)
Jewellery
 b - a ring of fire (right hand)
 F - a +6 ring of dexterity (left hand)
 G - an amulet of regeneration (around neck)
 N - a +5 ring of evasion
Wands
 a - a wand of iceblast (9)
 p - a wand of flame (44)
 D - a wand of paralysis (8)
Scrolls
 e - a scroll of enchant weapon
 f - 2 scrolls of poison
 i - a scroll of teleportation
 n - a scroll of noise
 q - 4 scrolls of magic mapping
 s - 5 scrolls of vulnerability
 w - a scroll of enchant armour
 x - a scroll of immolation
 z - 2 scrolls of fear
 J - a scroll of torment
 K - a scroll of amnesia
 Q - a scroll of blinking
Potions
 c - 2 potions of invisibility
 l - 5 potions of curing
 o - 3 potions of might
 u - 3 potions of ambrosia {unknown}
 v - a potion of berserk rage {unknown}
 H - 4 potions of flight {unknown}
 I - a potion of brilliance
 L - a potion of mutation
 S - a potion of experience {unknown}


   Skills:
 + Level 3.6 Fighting
 + Level 5.4 Short Blades
 * Level 7.9 Throwing
 * Level 6.5 Armour
 + Level 4.6 Dodging
 + Level 11.0 Stealth
 + Level 2.2 Shields
 + Level 6.8 Spellcasting
 + Level 7.0 Hexes
 + Level 4.7 Ice Magic
 + Level 0.9 Invocations
 + Level 0.1 Evocations


You had 14 spell levels left.
You knew the following spells:

 Your Spells              Type           Power      Damage    Failure   Level
a - Ensorcelled Hibernat  Hex/Ice        44%        N/A       4%          2
b - Confusing Touch       Hex            26%        N/A       5%          3
c - Swiftness             Air            5%         N/A       67%         3
d - Passwall              Tmut/Erth      4%         N/A       43%         2

Your spell library contained the following spells:

 Spells                   Type           Power      Damage    Failure   Level
 Dazzling Flash           Conj/Hex       30%        N/A       22%         3
 Necrotise                Necr           20%        1d5       32%         1
 Vampiric Draining        Necr           5%         2d6       67%         3
 Volatile Blastmotes      Fire/Tloc      14%        2d11      67%         3
 Ice Form                 Ice/Tmut       12%        N/A       75%         4
 Iskenderun's Mystic Bla  Conj/Tloc      5%         2d3       97%         4
 Petrify                  Tmut/Erth      5%         N/A       97%         4
 Agony                    Necr           5%         N/A       100%        5
 Alistair's Intoxication  Tmut/Pois      3%         N/A       100%        5
 Starburst                Conj/Fire      3%         6d3       100%        6
 Tukima's Dance           Hex            Unusable   N/A       N/A         3
 Summon Lightning Spire   Summ/Air       Unusable   N/A       N/A         4

Dungeon Overview and Level Annotations

Branches:
Dungeon (10/15)            Temple (1/1) D:4            Lair (1/5) D:10
    Orc (0/2) D:10          IceCv (1/1)             Volcano (visited)

Altars:
Ashenzari
Gozag
Makhleb
Okawaru
Qazlal
Uskayaw
Vehumet
Wu Jian
Xom
The Shining One

Shops:
D:4 =   D:6 [   D:7 *   D:10 =!

Annotations:
D:7 3 runed translucent doors, Twinkles's ghost, novice OpWn
D:10 3 runed translucent doors, BlueFish's ghost, journeyman OpTm


Innate Abilities, Weirdness & Mutations

You have razor-sharp teeth.
Your natural rate of healing is unusually fast.
When hurt, damage is shared between your health and your magic reserves.
Your bite disrupts and absorbs the magic of your enemies.
Potions cannot restore your health.


Message History

You bite the elephant simulacrum, but do no damage.
The elephant simulacrum is almost destroyed.
Unknown command.
You puncture the elephant simulacrum!
The elephant simulacrum vaporises!
Okawaru accepts your kill. The white imp gestures at you.
The puff of frost misses you.
Unknown command.
The white imp barely misses you.
You hit the white imp. Your bite misses the white imp.
The white imp is heavily wounded.
You feel like a meek peon again.
You puncture the white imp!
You kill the white imp!
Okawaru accepts your kill.
j - 25 javelins (gained 5)
The white imp shouts, "Repent, thou errant ditch-delivered pumpion!"
The harpy simulacrum claws you. The harpy simulacrum freezes you!!
You feel a terrible chill!
The harpy simulacrum claws you but does no damage.
The harpy simulacrum barely misses you. x2
The white imp shouts, "Get thee hence, thou horrid spur-galled reprobate!"
You puncture the harpy simulacrum! You bite the harpy simulacrum.
You drain its power.
You feel invigorated.
The harpy simulacrum is almost destroyed.
The harpy simulacrum claws you but does no damage. x2
The harpy simulacrum claws you! The harpy simulacrum freezes you!!
You feel a terrible chill!
* * * LOW HITPOINT WARNING * * *
You block the harpy simulacrum's attack.
The harpy simulacrum claws you but does no damage. x2
The harpy simulacrum barely misses you. x2
The white imp gestures at you.
The puff of frost hits you but does no damage.
The harpy simulacrum claws you but does no damage.
The harpy simulacrum claws you!
* * * LOW HITPOINT WARNING * * *
The harpy simulacrum freezes you!!
You feel a terrible chill!
You die...

.#..........##
.............#
...........#
.........#
#..5.# ##..#
#...##
#.≈≈≈.#Z.##
...#≈≈≈##@.# .
#####...#
##...## #...##
#...## ##...#
##...##
##.....##
#...∩...#


You could see a white imp and a harpy simulacrum.

Vanquished Creatures
  An ogre mage (Volcano)
  5 two-headed ogres (Volcano)
  Urug (D:10)
  A hell knight (Volcano)
  A molten gargoyle (Volcano)
  Maggie (D:10)
  A kobold demonologist (D:10)
  A komodo dragon (D:10)
  An ice devil (IceCv)
  3 trolls
  Prince Ribbit (D:8)
  Sigmund (D:3)
  A wyvern (D:9)
  11 yaks
  8 fire bats (Volcano)
  A death yak simulacrum (Lair:1)
  Grum (D:8)
  5 steam dragons
  Duvessa (D:6)
  2 water moccasins
  4 orc warriors
  6 ogres
  3 sky beasts
  4 wolves
  4 centaurs
  2 phantoms (D:7)
  4 gnoll sergeants
  4 kobold brigands (D:10)
  5 bullfrogs
  2 two-headed ogre simulacra (IceCv)
  A scorpion (D:5)
  10 wights
  Dowan (D:6)
  3 killer bees (D:8)
  2 elephant simulacra
  A howler monkey (D:6)
  2 electric eels
  7 lava snakes (Volcano)
  11 hounds
  4 orc priests
  4 jellies
  2 gnoll boudas
  2 sleepcaps
  5 iguanas
  4 orc wizards
  A wolf simulacrum (Lair:1)
  20 gnolls
  8 adders
  A shadow imp (D:3)
  4 white imps
  3 ufetubi
  2 worms
  4 dart slugs
  21 orcs
  4 endoplasms
  3 giant cockroaches
  7 goblins (D:2)
  4 hobgoblins
  4 jackals (D:3)
  4 quokkas
  10 ball pythons
  8 bats
  4 frilled lizards
  7 kobolds
  6 rats
270 creatures vanquished.

Vanquished Creatures (others)
  2 plants (D:2)
2 creatures vanquished.

Grand Total: 272 creatures vanquished

Notes
Turn   | Place    | Note
-------+----------+-------------------------------------------
     0 | D:1      | xian the Vine Stalker Enchanter began the quest for the
                  | Orb.
     0 | D:1      | Reached XP level 1. HP: 9/9 MP: 4/4
   127 | D:1      | Reached XP level 2. HP: 12/13 MP: 6/6
   156 | D:1      | Learned a level 2 spell: Ensorcelled Hibernation
   286 | D:1      | Reached skill level 4 in Stealth
   317 | D:1      | Reached skill level 1 in Short Blades
   651 | D:1      | Reached XP level 3. HP: 16/16 MP: 7/7
   778 | D:2      | Learned a level 3 spell: Confusing Touch
  1116 | D:2      | Gained mutation: Your natural rate of healing is unusually
                  | fast. [Vine Stalker growth]
  1116 | D:2      | Reached XP level 4. HP: 15/21 MP: 8/8
  1585 | D:3      | Noticed Sigmund
  1589 | D:3      | Killed Sigmund
  1590 | D:3      | Reached skill level 1 in Fighting
  1590 | D:3      | Reached skill level 1 in Throwing
  1590 | D:3      | Reached skill level 1 in Armour
  1590 | D:3      | Reached skill level 5 in Stealth
  1590 | D:3      | Reached XP level 5. HP: 19/25 MP: 3/9
  1590 | D:3      | Reached XP level 6. HP: 23/30 MP: 3/10
  1717 | D:3      | Identified a scroll of acquirement
  1718 | D:3      | Acquired the +3 pair of gauntlets of War {Slay+5}
  1718 | D:3      | Found the +3 pair of gauntlets of War {Slay+5}
  1955 | D:3      | Found a burning altar of Makhleb.
  2066 | D:3      | Found a broken altar of Ashenzari.
  2223 | D:4      | Found a staircase to the Ecumenical Temple.
  2254 | Temple   | Entered the Ecumenical Temple
  2259 | Temple   | Became a worshipper of Warmaster Okawaru
  2288 | D:4      | Found a radiant altar of Vehumet.
  2299 | D:4      | Found Nuubru's Jewellery Emporium.
  2452 | D:4      | Reached XP level 7. HP: 33/33 MP: 11/11
  2456 | D:4      | Reached skill level 6 in Stealth
  2550 | D:5      | Entered Level 5 of the Dungeon
  2746 | D:5      | Reached * piety under Okawaru
  2747 | D:5      | Reached skill level 1 in Ice Magic
  2820 | D:5      | Found the +3 giant club "Skullcrusher" {speed, Str+7}
  3005 | D:5      | Noticed a steam dragon
  3110 | D:5      | Noticed a steam dragon
  3117 | D:5      | Killed a steam dragon
  3118 | D:5      | Gained mutation: You have razor-sharp teeth. [Vine Stalker
                  | growth]
  3118 | D:5      | Reached XP level 8. HP: 38/38 MP: 13/13
  3261 | D:5      | Reached skill level 7 in Stealth
  3841 | D:6      | Noticed Dowan
  3845 | D:6      | Noticed Duvessa
  4047 | D:6      | Reached ** piety under Okawaru
  4237 | D:6      | Found Teuwazoy's Armour Shoppe.
  4258 | D:6      | Killed Duvessa
  4259 | D:6      | Reached skill level 8 in Stealth
  4259 | D:6      | Reached XP level 9. HP: 6/42 MP: 11/15
  4266 | D:6      | Killed Dowan
  4297 | D:6      | Bought a +1 pair of boots of flying for 247 gold pieces
  4576 | D:7      | Found Ifeanoem's General Store.
  4616 | D:7      | Bought a scroll of identify for 24 gold pieces
  4616 | D:7      | Bought a potion of curing for 36 gold pieces
  5057 | D:7      | Found a runed translucent gate.
  5058 | D:7      | Found a runed translucent gate.
  5059 | D:7      | Found a runed translucent gate.
  5069 | D:7      | Noticed Twinkles's ghost (novice OpWn)
  5251 | D:8      | Noticed Grum
  5254 | D:8      | Killed Grum
  5257 | D:8      | Reached *** piety under Okawaru
  5469 | D:8      | Reached skill level 5 in Hexes
  5527 | D:8      | Noticed Prince Ribbit
  5530 | D:8      | Killed Prince Ribbit
  5531 | D:8      | Reached skill level 5 in Throwing
  5531 | D:8      | Reached skill level 9 in Stealth
  5531 | D:8      | Reached XP level 10. HP: 47/47 MP: 16/18
  5673 | D:8      | Reached **** piety under Okawaru
  5739 | D:8      | Reached skill level 5 in Spellcasting
  6249 | D:9      | Received a gift from Okawaru
  6718 | D:9      | Got the Treatise on the Changing Familiar
  7014 | D:9      | Identified the +1 robe "Ocsae" {rF+ Regen+ Dex+4}
  7500 | D:10     | Entered Level 10 of the Dungeon
  7518 | D:10     | Found a staircase to the Lair.
  7548 | D:9      | HP: 1/49 [troll (4)]
  7664 | D:10     | Reached skill level 5 in Armour
  7664 | D:10     | Reached skill level 10 in Stealth
  7777 | D:10     | Learned a level 3 spell: Swiftness
  7816 | D:10     | Received a gift from Okawaru
  7871 | D:10     | Identified the +2 mace of Rotoso {freeze, Int+4}
  7929 | D:10     | Reached XP level 11. HP: 52/52 MP: 12/20
  8012 | D:10     | Found Lifuw's Distillery.
  8071 | D:10     | Noticed Urug
  8091 | D:10     | Killed Urug
  8134 | D:10     | Noticed Maggie
  8151 | D:10     | Killed Maggie
  8238 | D:10     | Found a staircase to the Orcish Mines.
  8427 | D:10     | Found Ycem Jur's Jewellery Emporium.
  8572 | D:10     | Found a runed translucent gate.
  8572 | D:10     | Found a runed translucent gate.
  8572 | D:10     | Found a runed translucent gate.
  8574 | D:10     | Found an opulent altar of Gozag.
  8574 | D:10     | Noticed BlueFish's ghost (journeyman OpTm)
  8575 | D:10     | Noticed an eight-headed hydra
  9111 | D:6      | Bought a +2 helmet for 247 gold pieces
  9217 | Lair:1   | Entered Level 1 of the Lair of Beasts
  9283 | Lair:1   | Found a dark tunnel.
  9293 | Volcano  | Entered a volcano
  9323 | Volcano  | Reached ***** piety under Okawaru
  9352 | Volcano  | Reached skill level 1 in Shields
  9355 | Volcano  | Reached skill level 5 in Short Blades
  9409 | Volcano  | Noticed a two-headed ogre
  9410 | Volcano  | Noticed a two-headed ogre
  9423 | Volcano  | Killed a two-headed ogre
  9444 | Volcano  | Found a burning altar of Makhleb.
  9444 | Volcano  | Noticed a two-headed ogre
  9444 | Volcano  | Noticed an ogre mage
  9444 | Volcano  | Noticed a two-headed ogre
  9459 | Volcano  | Received a gift from Okawaru
  9462 | Volcano  | Killed a two-headed ogre
  9463 | Volcano  | Reached XP level 12. HP: 30/56 MP: 4/22
  9466 | Volcano  | Killed a two-headed ogre
  9466 | Volcano  | Received a gift from Okawaru
  9467 | Volcano  | Killed an ogre mage
  9467 | Volcano  | Received a gift from Okawaru
  9497 | Volcano  | Killed a two-headed ogre
  9498 | Volcano  | Reached skill level 11 in Stealth
  9510 | Volcano  | Noticed a hell knight
  9513 | Volcano  | Noticed a two-headed ogre
  9528 | Volcano  | Killed a hell knight
  9575 | Volcano  | Killed a two-headed ogre
  9703 | Lair:1   | Learned a level 2 spell: Passwall
  9756 | Lair:1   | Found a frozen archway.
  9792 | IceCv    | Entered an ice cave
  9890 | IceCv    | Received a gift from Okawaru
  9917 | IceCv    | Slain by a harpy simulacrum

Illustrated notes

Levels and vault maps discovered:
D:1:      tarquinn_simple_flora_water_f, layout_loops_ring
D:2:      layout_basic, grunt_ministairs_2, chequers_big_river
D:3:      layout_basic, amcnicky_altar_gilded, ashenzari_altar_1, uniq_sigmund
D:4:      layout_cave_pools, nicolae_vehumet_altar_sigil,
          minmay_temple_entry_stoned_glass, serial_shops, shop_fountains,
          sigmund_army
D:5:      kennysheep_steamy, layout_rooms
D:6:      layout_cave_pools, serial_shops, kennysheep_mini_moat, uniq_duvessa
D:7:      layout_rooms, ebering_ghost_rock_garden, nicolae_wooded_promenade
D:8:      cheibrodos_steamvent, layout_loops_cross, uniq_prince_ribbit1,
          uniq_grum
D:9:      layout_stronghold
D:10:     layout_loops_corners, erik_lair_island,
          kennysheep_orc_monster_closet_entryway, serial_shops,
          nicolae_stop_n_shop_2, shop, ebering_ghost_gozag, uniq_maggie,
          uniq_urug
Temple:   compressed_dpeg_triangle_lava_temple
Lair:1:   layout_cellular_growth, lightli_volcano_entry_magma_tube,
          portal_ice_cave_entry_ice_simulacra
IceCv:    ice_cave_small_demon

Skill      XL: |  1  2  3  4  5  6  7  8  9 10 11 12 |
---------------+-------------------------------------+-----
Stealth        | 4 5 6 8 9 10 11 | 11.0
Short Blades   | 1 2 3 4 5 |  5.4
Fighting       | 1 2 3 |  3.6
Throwing       | 1 3 4 5 6 7 |  7.9
Armour         | 1 2 3 4 5 6 |  6.5
Dodging        | 2 3 4 |  4.6
Ice Magic      | 1 2 3 4 |  4.7
Spellcasting   | 3 4 5 6 |  6.8
Hexes          | 4 5 6 7 |  7.0
Shields        | 1 2 |  2.2
Invocations    | |  0.9
Evocations     | |  0.1

Action                     |  1- 3 |  4- 6 |  7- 9 | 10-12 || total
---------------------------+-------+-------+-------+-------++-------
  Melee: Dagger            |    96 |    55 |   148 |    74 ||   373
         Bite              |    24 |    11 |    37 |   116 ||   188
         Punch             |       |     1 |       |       ||     1
         Short sword       |       |       |       |   211 ||   211
  Throw: Stone             |     9 |    17 |    11 |    16 ||    53
         Throwing net      |       |       |       |     2 ||     2
         Dart              |       |       |       |     5 ||     5
         Javelin           |       |       |       |    21 ||    21
   Cast: Ensorcelled Hiber |       |     6 |    70 |    61 ||   137
         Confusing Touch   |       |       |     4 |    21 ||    25
 Invoke: Heroism           |       |       |     1 |     9 ||    10
  Evoke: Wand              |       |       |     1 |     3 ||     4
    Use: Scroll            |       |     5 |     4 |    14 ||    23
         Potion            |       |       |     3 |     2 ||     5
   Stab: Sleeping          |     7 |    11 |    47 |    42 ||   107
         Confused          |       |       |     1 |    10 ||    11
         Distracted        |       |       |       |     1 ||     1
         Invisible         |       |       |       |     2 ||     2
 Armour: Robe              |    14 |       |       |       ||    14
         Leather armour    |     9 |    11 |     9 |       ||    29
         Steam dragon scal |       |       |    63 |    70 ||   133
         Swamp dragon scal |       |       |       |    99 ||    99
         Scale mail        |       |       |       |     5 ||     5
  Dodge: Dodged            |    58 |    22 |   148 |   213 ||   441
  Block: Buckler           |       |       |       |    62 ||    62

Table legend: (Time is in decaauts)
 A = Elapsed time spent in this place.
 B = Non-inter-level travel time spent in this place.
 C = Inter-level travel time spent in this place.
 D = Time resting spent in this place.
 E = Time spent auto-exploring this place.
 F = Levels seen in this place.
 G = Mean time per level.
                   A        B        C        D        E       F      G
               +--------+--------+--------+--------+--------+-----+--------+
         Total |   9809 |   9428 |    381 |    414 |   5664 |  14 |  700.6 |
       Dungeon |   9125 |   8746 |    379 |    414 |   5557 |  10 |  912.5 |
        Temple |     10 |     10 |      0 |      0 |      0 |   1 |   10.0 |
          Lair |    201 |    199 |      2 |      0 |      0 |   1 |  201.0 |
      Ice Cave |    121 |    121 |      0 |      0 |     69 |   1 |  121.0 |
       Volcano |    351 |    351 |      0 |      0 |     38 |   1 |  351.0 |
               +--------+--------+--------+--------+--------+-----+--------+

Top non-repeatable levels by time:
    D:10: 1470 daAuts
     D:9: 1385 daAuts
     D:5: 958 daAuts
     D:2: 887 daAuts
     D:8: 870 daAuts
     D:7: 833 daAuts
     D:6: 794 daAuts
     D:1: 704 daAuts
     D:3: 635 daAuts
     D:4: 586 daAuts
 Volcano: 351 daAuts
  Lair:1: 201 daAuts
   IceCv: 121 daAuts
  Temple: 10 daAuts
